 Dungeon Crawl Stone Soup version 0.31-a0-267-g3fc6992b3b (webtiles) character file.

Game seed: 3303296128484907941

78 qw the Shooter (level 4, -5/30 (36) HPs)
             Began as a Minotaur Hexslinger on July 13, 2023.
             Killed by divine providence
             ... invoked by an orc priest
              (11 damage)
             ... on level 3 of the Dungeon.
             The game lasted 00:00:44 (1961 turns).

qw the Shooter (Minotaur Hexslinger)                Turns: 1961, Time: 00:00:45

HP:   -5/30 (36)    AC:  6    Str: 13    XL:     4   Next: 15%
MP:   4/4           EV: 12    Int: 10    God:
Gold: 75            SH:  0    Dex: 14    Spells: 4/5 levels left

rFire   . . .        Y - +1 sling
rCold   . . .        (no shield)
rNeg    . . .        k - +0 leather armour
rPois   .            (helmet restricted)
rElec   .            (no cloak)
rCorr   .            (no gloves)
SInv    .            c - +2 pair of boots
Will    .....        (no amulet)
Stlth   +            (no ring)
HPRegen 0.25/turn    (no ring)
MPRegen 0.09/turn

%: no passive effects
@: about to teleport, heavily drained
A: horns 2, retaliatory headbutt
a: no special abilities


You were on level 3 of the Dungeon.
You visited 1 branch of the dungeon, and saw 3 of its levels.

You collected 75 gold pieces.


Innate Abilities, Weirdness & Mutations

You have a pair of horns on your head.
You reflexively headbutt those who attack you in melee.


   Skills:
 - Level 2.0 Fighting
 + Level 4.7 Ranged Weapons
 - Level 2.1 Dodging
 - Level 1.0 Spellcasting
 - Level 2.0 Hexes


You had 4 spell levels left.
You knew the following spells:

 Your Spells              Type           Power      Damage    Failure   Level
a - Slow                  Hex            16%        N/A       19%         1

Your spell library contained the following spells:

 Spells                   Type           Power      Damage    Failure   Level
 Inner Flame              Hex/Fire       2%         N/A       65%         3
 Portal Projectile        Hex/Tloc       4%         N/A       65%         3
 Cause Fear               Hex            2%         N/A       88%         4

Inventory:

Hand Weapons
 Y - a +1 sling (weapon)
Armour
 c - a +2 pair of boots (worn)
 k - a +0 leather armour (worn)
Scrolls
 b - 2 scrolls of identify
 j - a scroll of enchant armour {unknown}
Potions
 a - a potion of enlightenment
 d - 2 potions of haste
 f - a potion of magic {unknown}
 g - a potion of might {unknown}
 h - a potion of curing {unknown}
 i - a potion of lignification {unknown}

Dungeon Overview and Level Annotations

Branches:
Dungeon (3/15)

Altars:


Message History

Enter note:
1946 ||| FLEEEEING.
Enter note:
Enter note:
1947 ||| FLEEEEING.
Enter note:
Enter note:
1948 ||| FLEEEEING.
An orc wizard appears from thin air!
Reactivating autopickup.
Enter note:
Enter note:
1949 ||| FLEEEEING.
1950 ||| FLEEEEING.
1951 ||| FLEEEEING.
1952 ||| FLEEEEING.
The orc wizard gestures at you while chanting.
You are confused.
The orc hits you with a +0 flail of draining!
You feel drained. The orc misses you. The orc hits you but does no damage.
You feel drained. The orc hits you but does no damage.
You feel drained.
You feel less confused.
The orc hits you with a +0 flail of draining.
You feel drained.
You shoot a sling bullet. The sling bullet hits the orc.
The orc is moderately wounded.
The orc priest calls down the wrath of Beogh upon you.
Beogh smites you!
The orc hits you with a +0 flail of draining.
You feel drained. The orc barely misses you.
1961 ||| READING scroll of teleportation.
As you read the scroll of teleportation, it crumbles to dust.
You feel strangely unstable.
The orc hits you with a +0 flail of draining.
You feel drained.
The orc priest calls down the wrath of Beogh upon you.
Beogh smites you!
You die...

#.{..# #.#.# #.#### #.#.# #.#
#.#.# ..# #.#.# ### #.#.#####
## # #........ .#
###########.#.# #####.#####.
..............####...........
.###.######..ooo@............
.# #......########.##...####
## #......# #.#..#.# #
##.###.# #####.#....# # #.#
#.####.....#.#### # #.#
#......#####.# # #.# #.######
#.# . ..# #.# #.# # #.# #.#
#.#


You could see an orc priest, an orc wizard and an orc.

Vanquished Creatures
  2 adders
  A worm (D:2)
  A dart slug (D:2)
  An orc (D:3)
  8 ball pythons
  3 bats
  6 endoplasms
  2 giant cockroaches
  9 goblins
  2 hobgoblins
  4 quokkas
  A frilled lizard (D:1)
  4 kobolds
  7 rats
51 creatures vanquished.

Notes
Turn   | Place    | Note
-------+----------+-------------------------------------------
     0 | D:1      | qw the Minotaur Hexslinger began the quest for the Orb.
     0 | D:1      | Reached XP level 1. HP: 16/16 MP: 1/1
     0 | D:1      | 0 ||| qw: Version: 0.3-a-52-g30416fa
     0 | D:1      | 0 ||| qw: Game counter: 7745
     0 | D:1      | 0 ||| qw: Melee chars always use a shield: true
     0 | D:1      | 0 ||| qw: God list: Okawaru
     0 | D:1      | 0 ||| qw: Allow faded altars: false
     0 | D:1      | 0 ||| qw: Do Orc after clearing Dungeon:15 true
     0 | D:1      | 0 ||| qw: Do second Lair branch before Depths: true
     0 | D:1      | 0 ||| qw: Lair rune preference: random
     0 | D:1      | 0 ||| qw: Goals: Normal
     0 | D:1      | 0 ||| PLANNING D:1-11
    93 | D:1      | Reached skill level 3 in Ranged Weapons
    96 | D:1      | Reached XP level 2. HP: 23/23 MP: 2/2
   565 | D:1      | Reached XP level 3. HP: 29/29 MP: 3/3
   843 | D:1      | 843 ||| UPGRADING to +0 leather armour.
   853 | D:1      | 853 ||| DROPPING +0 robe.
   854 | D:1      | 854 ||| READING scroll labelled TESUAJ CUHAMO.
   859 | D:1      | 859 ||| READING scroll labelled HOTIMYNOWI.
   860 | D:1      | 860 ||| READING scroll labelled ZOENGE PIREASE.
   861 | D:1      | 861 ||| READING scroll labelled IKOYWK NAJES.
   862 | D:1      | 862 ||| DRINKING 3 fizzy silvery potions.
   863 | D:1      | 863 ||| DROPPING scroll of poison.
  1050 | D:2      | Reached skill level 4 in Ranged Weapons
  1585 | D:2      | 1585 ||| UPGRADING to +2 pair of boots.
  1702 | D:2      | 1702 ||| READING 3 scrolls labelled TIGROUPHOIS.
  1703 | D:2      | 1703 ||| READING 2 scrolls of identify.
  1703 | D:2      | 1703 ||| IDENTIFYING murky emerald potion
  1879 | D:3      | Reached XP level 4. HP: 28/36 MP: 4/4
  1920 | D:3      | 1920 ||| FLEEEEING.
  1921 | D:3      | 1921 ||| FLEEEEING.
  1922 | D:3      | 1922 ||| FLEEEEING.
  1923 | D:3      | 1923 ||| FLEEEEING.
  1924 | D:3      | 1924 ||| FLEEEEING.
  1925 | D:3      | 1925 ||| FLEEEEING.
  1926 | D:3      | 1926 ||| FLEEEEING.
  1933 | D:3      | 1933 ||| FLEEEEING.
  1934 | D:3      | 1934 ||| FLEEEEING.
  1935 | D:3      | 1935 ||| FLEEEEING.
  1936 | D:3      | 1936 ||| FLEEEEING.
  1937 | D:3      | 1937 ||| FLEEEEING.
  1939 | D:3      | 1939 ||| FLEEEEING.
  1940 | D:3      | 1940 ||| FLEEEEING.
  1941 | D:3      | 1941 ||| FLEEEEING.
  1942 | D:3      | 1942 ||| FLEEEEING.
  1943 | D:3      | 1943 ||| FLEEEEING.
  1944 | D:3      | 1944 ||| FLEEEEING.
  1945 | D:3      | 1945 ||| FLEEEEING.
  1946 | D:3      | 1946 ||| FLEEEEING.
  1947 | D:3      | 1947 ||| FLEEEEING.
  1948 | D:3      | 1948 ||| FLEEEEING.
  1949 | D:3      | 1949 ||| FLEEEEING.
  1950 | D:3      | 1950 ||| FLEEEEING.
  1951 | D:3      | 1951 ||| FLEEEEING.
  1952 | D:3      | 1952 ||| FLEEEEING.
  1960 | D:3      | HP: 8/32 [orc priest/divine providence (12)]
  1961 | D:3      | 1961 ||| READING scroll of teleportation.
  1961 | D:3      | Killed from afar by an orc priest

Levels and vault maps discovered:
D:1:      erik_arrival_cave_to_civilisation [erik_arrival_cave_to_hall],
          layout_basic
D:2:      layout_loops_ring, minmay_misc_feat_encased, bh_walls_and_bars
D:3:      layout_loops_ring, nzn_wu_jian_council_hall

Skill      XL: |  1  2  3 |
---------------+----------+-----
Ranged Weapons | 3 4 |  4.7
Fighting       | 2 |  2.0
Dodging        | |  2.1
Spellcasting   | |  1.0
Hexes          | |  2.0

Action                     |  1- 3 |  4- 6 || total
---------------------------+-------+-------++-------
   Fire: Sling             |   149 |    10 ||   159
    Use: Scroll            |     6 |     1 ||     7
         Potion            |     1 |       ||     1
 Armour: Robe              |     2 |       ||     2
         Leather armour    |    13 |     2 ||    15
  Dodge: Dodged            |    27 |     2 ||    29

Table legend:
 A = Non-vault XP
 B = Vault XP
 C = Vault XP percentage of total XP
 D = Non-vault monster count
 E = Vault monster count
 F = Vault count percentage of total count
                 A         B        C        D         E       F
            +---------+---------+-------+---------+---------+-------
      Total |     110 |       2 |   1.8 |      49 |       2 |   3.9
            +---------+---------+-------+---------+---------+-------
        D:1 |      39 |       2 |   4.9 |      25 |       2 |   7.4
        D:2 |      51 |       0 |   0.0 |      20 |       0 |   0.0
        D:3 |      20 |       0 |   0.0 |       4 |       0 |   0.0
            +---------+---------+-------+---------+---------+-------
